 Dungeon Sprint DCSS version 0.19-a0-139-gefc6d61 (webtiles) character file.

646 wvc the Basher (level 7, -15/52 HPs)
             Began as a Mummy Fighter on May 17, 2016.
             Was a Priest of Cheibriados.
             Demolished by a hill giant
             ... wielding a +0 giant club
              (22 damage)
             ... in the Dungeon (Sprint IX: "|||||||||||||||||||||||||||||").
             The game lasted 00:02:09 (303 turns).

wvc the Basher (Mummy Fighter)                       Turns: 303, Time: 00:02:10

Health: -15/52     AC: 19    Str: 26    XL:     7   Next: 27%
Magic:  7/7        EV:  5    Int: 15    God:    Cheibriados [***...]
Gold:   0          SH: 10    Dex: 20    Spells: 0 memorised, 6 levels left

rFire  x . .     SeeInvis .     i - +2 morningstar (protect)
rCold  + . .     Gourm    .     l - +1 chain mail
rNeg   + + +     Faith    .     c - +0 shield
rPois  ∞         Spirit   .     (no helmet)
rElec  .         Dismiss  .     a - +0 cloak
rCorr  .         Reflect  .     (no gloves)
SustAt .         Harm     .     (no boots)
MR     .....     NoTele   +     (no amulet)
Stlth  ..........               k - +2 ring of protection
                                j - +2 ring of protection

@: very slow, not resistant to hostile enchantments, extremely unstealthy
A: no food or potions, fire vulnerability, cold resistance 1, negative energy
resistance 3, torment resistance, unbreathing
a: Bend Time, Temporal Distortion, Renounce Religion


You were in the Dungeon.
You worshipped Cheibriados.
Cheibriados was most pleased with you.
You were not hungry.

You visited 1 branch

Inventory:

Hand Weapons
 i - a +2 morningstar of protection (weapon)
Armour
 a - a +0 cloak (worn)
 c - a +0 shield (worn)
 l - a +1 chain mail (worn)
Magical Staves
 h - an uncursed staff of energy
Jewellery
 j - a +2 ring of protection (left hand)
 k - a +2 ring of protection (right hand)
Wands
 g - a wand of lightning (7/15)
Scrolls
 d - 2 scrolls of blinking
 e - 3 scrolls of remove curse
 f - 2 scrolls of amnesia


   Skills:
 - Level 3.0 Fighting
 + Level 13.0 Maces & Flails
 - Level 2.4 Armour
 - Level 2.4 Shields


You had 6 spell levels left.
You didn't know any spells.

Dungeon Overview and Level Annotations

Branches:
Dungeon (1/1)

Altars:
Cheibriados
Dithmenos
Elyvilon
Fedhas
Gozag
Kikubaaqudgha
Makhleb
Nemelex Xobeh
Okawaru
Pakellas
Qazlal
Ru
Sif Muna
Trog
Vehumet
Xom
Yredelemnul
Zin
The Shining One
Beogh
Jiyva
Lugonu


Innate Abilities, Weirdness & Mutations

You do not eat or drink.
Your flesh is vulnerable to fire.
You are immune to poison.
Your flesh is cold resistant.
You are immune to negative energy.
You are immune to unholy pain and torment.
You can survive without breathing.


Message History

Cheibriados raises the support of your attributes as your movement slows.
Your Maces & Flails skill increases to level 12!
The shadow strikes at you from the darkness!
* * * LOW HITPOINT WARNING * * *
Reactivating autopickup.
You puncture the shadow!
The shadow is heavily damaged.
The shadow slips into darkness.
The shadow flickers and vanishes!
Deactivating autopickup; reactivate with Ctrl-A.
You bludgeon something!!
Cheibriados appreciates the change of pace.
Reactivating autopickup.
Your Maces & Flails skill increases to level 13!
You have reached level 7!
You feel a bit more experienced.
You puncture the hill giant!
The hill giant is lightly wounded.
The hill giant hits you with a giant club!!
You die... ▓▓▓▓▓▓▓▓▓▓▓▓▓▓▓▓▓▓▓▓▓▓▓▓ '!..).[[.('(....@Cl.Ja.. ▓▓▓▓▓▓▓▓▓▓▓▓▓▓▓▓▓▓▓▓▓▓▓▓

You could see a slime creature, a hill giant, an iguana and a worker ant.

Vanquished Creatures
  A shadow (D)
  A hungry ghost (D)
  An orc warrior (D)
  A phantom (D)
  A big kobold (D)
  A scorpion (D)
  A hound (D)
  2 adders (D)
  A gnoll (D)
  A dart slug (D)
  3 orcs (D)
  A giant cockroach (D)
  A kobold (D)
  A jackal skeleton (D)
  A rat (D)
18 creatures vanquished.

Notes
Turn   | Place    | Note
--------------------------------------------------------------
     0 | D        | wvc the Mummy Fighter began the quest for the Orb.
     0 | D        | Reached XP level 1. HP: 18/18 MP: 1/1
     5 | D        | Reached skill level 2 in Maces & Flails
     9 | D        | Reached skill level 3 in Maces & Flails
     9 | D        | Reached XP level 2. HP: 24/24 MP: 2/2
    16 | D        | Reached skill level 4 in Maces & Flails
   127 | D        | Reached skill level 5 in Maces & Flails
   132 | D        | Reached XP level 3. HP: 25/29 MP: 3/3
   143 | D        | Found a glowing silver altar of Zin.
   143 | D        | Found a glowing golden altar of the Shining One.
   143 | D        | Found an ancient bone altar of Kikubaaqudgha.
   143 | D        | Found a basalt altar of Yredelemnul.
   143 | D        | Found a shimmering altar of Xom.
   143 | D        | Found a radiant altar of Vehumet.
   144 | D        | Found an iron altar of Okawaru.
   145 | D        | Found a burning altar of Makhleb.
   146 | D        | Found a deep blue altar of Sif Muna.
   147 | D        | Found a bloodstained altar of Trog.
   148 | D        | Found a sparkling altar of Nemelex Xobeh.
   149 | D        | Found a white marble altar of Elyvilon.
   150 | D        | Found a roughly hewn altar of Beogh.
   151 | D        | Found a viscous altar of Jiyva.
   152 | D        | Found a corrupted altar of Lugonu.
   153 | D        | Found a blossoming altar of Fedhas.
   154 | D        | Found a snail-covered altar of Cheibriados.
   159 | D        | Found a shadowy altar of Dithmenos.
   160 | D        | Found a stormy altar of Qazlal.
   161 | D        | Found an opulent altar of Gozag.
   162 | D        | Found a sacrificial altar of Ru.
   163 | D        | Found an oddly glowing altar of Pakellas.
   168 | D        | Became a worshipper of Cheibriados the Contemplative
   233 | D        | Noticed a hungry ghost
   233 | D        | Noticed a phantom
   233 | D        | Noticed a scorpion
   233 | D        | Noticed a big kobold
   246 | D        | Killed a hungry ghost
   246 | D        | Reached skill level 9 in Maces & Flails
   246 | D        | Reached XP level 4. HP: 35/35 MP: 4/4
   246 | D        | Reached XP level 5. HP: 41/41 MP: 5/5
   259 | D        | Reached * piety under Cheibriados
   268 | D        | Reached skill level 10 in Maces & Flails
   268 | D        | Reached XP level 6. HP: 46/47 MP: 6/6
   276 | D        | Reached ** piety under Cheibriados
   279 | D        | Reached skill level 11 in Maces & Flails
   287 | D        | Reached *** piety under Cheibriados
   294 | D        | Noticed an orc warrior
   294 | D        | Noticed a shadow
   294 | D        | Noticed a hill giant
   294 | D        | Noticed a slime creature
   300 | D        | Killed an orc warrior
   300 | D        | Reached skill level 12 in Maces & Flails
   302 | D        | Killed a shadow
   302 | D        | Reached skill level 13 in Maces & Flails
   302 | D        | Reached XP level 7. HP: 6/52 MP: 7/7
   303 | D        | Demolished by a hill giant

Vault maps used:
D:        linesprint

Skill      XL: |  1  2  3  4  5  6 |
---------------+-------------------+-----
Maces & Flails | 3 5 9 10 13 | 13.0
Fighting       | |  3.0
Armour         | |  2.4
Shields        | |  2.4

Action                   |  1- 3 |  4- 6 |  7- 9 || total
-------------------------+-------+-------+-------++-------
Melee: Flail             |    35 |       |       ||    35
       Morningstar       |    13 |    45 |     1 ||    59
Armor: Scale mail        |    11 |       |       ||    11
       Chain mail        |    11 |    24 |       ||    35
Dodge: Dodged            |     7 |    10 |       ||    17
Block: Shield            |    16 |    15 |       ||    31
